 Dungeon Crawl Stone Soup version 0.31-a0-219-g8d62b2e7bb (webtiles) character file.

Game seed: 8722420726263077314

37 Anon1729 the Ducker (level 3, 0/30 HPs)
             Began as a Merfolk Monk on July 3, 2023.
             Slain by a black bear (4 damage)
             ... on level 2 of the Dungeon.
             The game lasted 00:00:31 (782 turns).

Anon1729 the Ducker (Merfolk Monk)                   Turns: 782, Time: 00:00:32

Health: 0/30       AC:  2    Str: 11    XL:     3   Next: 41%
Magic:  3/3        EV: 14    Int: 11    God:
Gold:   31         SH:  0    Dex: 16    Spells: 2/2 levels left

rFire   + .          .
                       - Unarmed
rCold   . . .        c - orb {light}
rNeg    . . .        a - +0 robe
rPois   .            (no helmet)
rElec   .            (no cloak)
rCorr   .            (no gloves)
SInv    .            (no boots)
Will    .....        (no amulet)
Stlth   +            g - ring of protection from fire
HPRegen 0.25/turn    (no ring)
MPRegen 0.08/turn

%: no passive effects
@: glowing
A: (nimble swimmer 2), mertail
a: no special abilities


You were on level 2 of the Dungeon.
You visited 1 branch of the dungeon, and saw 2 of its levels.

You collected 31 gold pieces.

Inventory:

Armour
 a - a +0 robe (worn)
 c - an orb of light (worn)
Jewellery
 g - a ring of protection from fire (left hand)
Scrolls
 d - a scroll of poison {unknown}
 f - a scroll of identify {unknown}
Potions
 b - a potion of ambrosia
 e - a potion of enlightenment {unknown}


   Skills:
 + Level 3.8 Fighting
 + Level 4.6 Dodging
 + Level 3.9 Unarmed Combat


You had 2 spell levels left.
You didn't know any spells.
Your spell library was empty.

Dungeon Overview and Level Annotations

Branches:
Dungeon (2/15)

Altars:

Shops:
D:1 ::


Innate Abilities, Weirdness & Mutations

((You are very nimble when in or above water. (Stealth+, EV+, Speed+++)))
Your lower body shifts to a powerful aquatic tail in water.


Message History

You hit the black bear but do no damage.
You hit the black bear but do no damage.
The black bear closely misses you. The black bear barely misses you. x2
You hit the black bear.
The black bear is lightly wounded.
The black bear barely misses you. The black bear claws you.
The black bear claws you but does no damage.
You barely miss the black bear.
The black bear is lightly wounded.
The black bear bites you. The black bear claws you. x2
You hit the black bear.
The black bear is moderately wounded.
The black bear bites you. The black bear claws you.
The black bear barely misses you.
You hit the black bear.
The black bear is heavily wounded.
The black bear bites you! The black bear closely misses you.
The black bear claws you.
* * * LOW HITPOINT WARNING * * *
You are too injured to fight recklessly!
You are too injured to fight recklessly!
You are too injured to fight recklessly!
You are too injured to fight recklessly!
You are too injured to fight recklessly!
You are too injured to fight recklessly!
You are too injured to fight recklessly!
You are too injured to fight recklessly!
You are too injured to fight recklessly!
You are too injured to fight recklessly!
You are too injured to fight recklessly!
You are too injured to fight recklessly!
You are too injured to fight recklessly!
You are too injured to fight recklessly!
You are too injured to fight recklessly!
You punch the black bear!
The black bear is severely wounded.
The black bear bites you.
* * * LOW HITPOINT WARNING * * *
The black bear claws you.
You die...

#.##.. #.##.#
###.##.##
#.......#
#.#.##..#
#...<#..#
######.##..#
............#
######..###@#
#..## #h#
...# ..#
...## ####
... ..


You could see a black bear.

Vanquished Creatures
  A gnoll (D:1)
  2 dart slugs (D:1)
  4 ball pythons (D:1)
  An endoplasm (D:1)
  2 giant cockroaches (D:1)
  3 hobgoblins (D:1)
  3 bats (D:1)
  3 frilled lizards (D:1)
  A kobold (D:1)
  6 rats (D:1)
26 creatures vanquished.

Notes
Turn   | Place    | Note
-------+----------+-------------------------------------------
     0 | D:1      | Anon1729 the Merfolk Monk began the quest for the Orb.
     0 | D:1      | Reached XP level 1. HP: 18/18 MP: 1/1
    46 | D:1      | Reached XP level 2. HP: 13/24 MP: 2/2
   221 | D:1      | Found Okkynutt's Book Shoppe.
   318 | D:1      | Reached XP level 3. HP: 30/30 MP: 3/3
   346 | D:1      | Found a faded altar of an unknown god.
   493 | D:1      | Found Gairex's Book Boutique.
   774 | D:2      | Noticed a black bear
   782 | D:2      | Slain by a black bear

Illustrated notes

Levels and vault maps discovered:
D:1:      saegor_arrival_simple_b, layout_loops_ring, serial_shops,
          nicolae_shop_getting_attention, nicolae_shop_tiny_statue_garden,
          shapermc_ecumenical_altar_mp_ritualfount,
          corexii_item_surrounded_by_moat
D:2:      layout_basic

Action                     || total
---------------------------++-------
  Melee: Unarmed           ||    83
 Armour: Robe              ||     7
  Dodge: Dodged            ||    63

Table legend: (Time is in decaauts)
 A = Elapsed time spent in this place.
 B = Non-inter-level travel time spent in this place.
 C = Inter-level travel time spent in this place.
 D = Time resting spent in this place.
 E = Time spent auto-exploring this place.
 F = Levels seen in this place.
 G = Mean time per level.
                   A        B        C        D        E       F      G
               +--------+--------+--------+--------+--------+-----+--------+
         Total |    773 |    763 |     10 |     47 |    563 |   2 |  386.5 |
       Dungeon |    773 |    763 |     10 |     47 |    563 |   2 |  386.5 |
               +--------+--------+--------+--------+--------+-----+--------+

Top non-repeatable levels by time:
     D:1: 759 daAuts
     D:2: 13 daAuts
